 Dungeon Crawl Stone Soup version 0.27-a0-61-g21144fbd99 (webtiles) character file.

Game seed: 12433599566707892799

82133 lessens the Wrestler (level 15, -2/124 HPs)
             Began as a Ghoul Fighter on Jan 8, 2021.
             Was the Champion of Okawaru.
             Slain by a troll (4 damage)
             ... while petrified by Jorgrun
             ... on level 2 of the Orcish Mines.
             The game lasted 00:36:12 (23913 turns).

lessens the Wrestler (Ghoul Fighter)               Turns: 23913, Time: 00:36:12

Health: -2/124     AC: 20    Str: 27    XL:     15   Next: 72%
Magic:  20/20      EV:  2    Int:  6    God:    Okawaru [******]
Gold:   4912       SH:  0    Dex:  6    Spells: 14/14 levels left

rFire    + . .     SeeInvis .     - Unarmed
rCold    + . .     Faith    +   b - +0 kite shield
rNeg     + + +     Spirit   .   X - +6 scale mail "Pucyihui" {-Cast Rampage rCorr}
rPois    ∞         Reflect  .   V - +2 helmet {Int+3}
rElec    +         Harm     .   w - +0 cloak of Cowardice {rElec rCorr Dex-2 Stlth+}
rCorr    +         Rampage  +   (no gloves)
Will     +....     NoCast   +   k - +1 pair of boots
Stlth    +.........             A - amulet of faith
HPRegen  0.00/turn              U - ring of protection from fire
MPRegen  0.17/turn              B - +4 ring of evasion

@: petrified, marked, studying Evocations
A: claws 1, cold resistance 1, negative energy resistance 3, inhibited
regeneration, torment resistance, unbreathing
a: Renounce Religion, Heroism, Finesse


You were on level 2 of the Orcish Mines.
You worshipped Okawaru.
Okawaru was exalted by your worship.
You visited 4 branches of the dungeon, and saw 22 of its levels.
You also visited: Gauntlet.

You collected 5015 gold pieces.
You spent 103 gold pieces at shops.

Inventory:

Missiles
 g - 10 javelins
 v - 48 poisoned darts (quivered)
 C - 532 stones
 G - 5 silver boomerangs
 H - 2 throwing nets
 L - 25 silver javelins
 O - 7 boomerangs
 R - 7 curare-tipped darts
Armour
 b - a +0 kite shield (worn)
 k - a +1 pair of boots (worn)
 w - the +0 cloak of Cowardice (worn) {rElec rCorr Dex-2 Stlth+}
   (You found it in a Gauntlet)

   It affects your dexterity (-2).
   It insulates you from electricity.
   It provides partial protection from all sources of acid and corrosion.
   It makes you more stealthy.
 y - a +2 scale mail of fire resistance
 V - a +2 helmet of intelligence (worn)
 X - the +6 scale mail "Pucyihui" (worn) {-Cast Rampage rCorr}
   (Okawaru gifted it to you on level 5 of the Lair of Beasts)

   It prevents spellcasting.
   It provides partial protection from all sources of acid and corrosion.
   It bestows one free step when moving towards enemies.
Jewellery
 a - an uncursed amulet of guardian spirit {unknown}
 p - an uncursed ring of fire
 x - a +6 ring of dexterity
 A - an amulet of faith (around neck)
 B - a +4 ring of evasion (right claw)
 T - an uncursed ring of willpower {unknown}
 U - a ring of protection from fire (left claw)
Wands
 d - a wand of digging (9)
 n - a wand of paralysis (23)
 z - a wand of iceblast (20)
 N - a wand of disintegration (23)
Scrolls
 e - 9 scrolls of teleportation
 f - 2 scrolls of fog
 h - 2 scrolls of enchant armour
 q - 6 scrolls of identify
 r - 9 scrolls of enchant weapon
 s - 3 scrolls of magic mapping
 I - 4 scrolls of random uselessness {unknown}
 K - 2 scrolls of amnesia {unknown}
 M - 4 scrolls of remove curse
 S - a scroll of torment
 W - a scroll of silence {unknown}
 Y - 2 scrolls of blinking
Potions
 c - 6 potions of might
 i - a potion of attraction
 j - 2 potions of flight
 l - 18 potions of curing
 o - a potion of haste
 t - a potion of magic
 u - a potion of brilliance
 E - 4 potions of invisibility
 F - a potion of cancellation
Books
 D - a manual of Evocations
Miscellaneous
 P - a lightning rod (4/4)


   Skills:
 - Level 9.0 Fighting
 + Level 6.9 Armour
 + Level 5.6 Dodging
 + Level 7.3 Shields
 - Level 21.1 Unarmed Combat
 - Level 8.8 Invocations
 - Level 10.0 Evocations


You had 14 spell levels left.
You didn't know any spells.
Your spell library contained the following spells:

 Spells                   Type           Power        Failure   Level
 Animate Skeleton         Necr           0%           95%         1
 Corona                   Hex            0%           95%         1
 Foxfire                  Conj/Fire      0%           95%         1
 Pain                     Necr           0%           95%         1
 Sandblast                Erth           0%           95%         1
 Summon Small Mammal      Summ           0%           95%         1
 Call Imp                 Summ           0%           99%         2
 Ensorcelled Hibernation  Hex/Ice        0%           99%         2
 Passwall                 Tmut/Erth      0%           99%         2
 Slow                     Hex            0%           99%         2
 Call Canine Familiar     Summ           0%           100%        3
 Confusing Touch          Hex            0%           100%        3
 Conjure Flame            Conj/Fire      0%           100%        3
 Dazzling Flash           Conj/Hex       0%           100%        3
 Inner Flame              Hex/Fire       0%           100%        3
 Portal Projectile        Hex/Tloc       0%           100%        3
 Static Discharge         Conj/Air       0%           100%        3
 Stone Arrow              Conj/Erth      0%           100%        3
 Summon Guardian Golem    Hex/Summ       0%           100%        3
 Tukima's Dance           Hex            0%           100%        3
 Cause Fear               Hex            0%           100%        4
 Dispel Undead            Necr           0%           100%        4
 Leda's Liquefaction      Hex/Erth       0%           100%        4
 Petrify                  Tmut/Erth      0%           100%        4
 Sticky Flame             Conj/Fire      0%           100%        4
 Summon Ice Beast         Ice/Summ       0%           100%        4
 Summon Lightning Spire   Summ/Air       0%           100%        4
 Agony                    Necr           0%           100%        5
 Fireball                 Conj/Fire      0%           100%        5
 Lee's Rapid Deconstruct  Erth           0%           100%        5
 Lightning Bolt           Conj/Air       0%           100%        5
 Yara's Violent Unravell  Hex/Tmut       0%           100%        5
 Ignition                 Fire           0%           100%        8
 Shatter                  Erth           0%           100%        9
 Tornado                  Air            0%           100%        9


Dungeon Overview and Level Annotations

Branches:
Dungeon (13/15)            Temple (1/1) D:5            Lair (6/6) D:8
 Shoals (0/4) Lair:4       Spider (0/4) Lair:2        Slime (0/5) Lair:5
    Orc (2/2) D:10            Elf (0/3) Orc:2       Gauntlet (visited)
 Vaults: D:13-14

Altars:
Ashenzari
Dithmenos
Fedhas
Gozag
Kikubaaqudgha
Nemelex Xobeh
Okawaru
Ru
Sif Muna
Trog
Xom
Yredelemnul
Zin
The Shining One
Beogh

Shops:
D:6 ?**?*   D:7 :   D:10 [   D:11 (   Orc:2 ([??

Annotations:
Lair:1 exclusion: oklob plant
Lair:4 3 runed translucent doors, Nyzic's ghost, journeyman TrMo
Lair:5 exclusion: 3 oklob plants
Lair:6 exclusion: 5 oklob plants
Orc:2 Jorgrun


Innate Abilities, Weirdness & Mutations

You thrive by killing the living.
You are immune to poison.
You have sharp fingernails.
Your flesh is cold resistant. (rC+)
You are immune to negative energy. (rN+++)
You do not regenerate when monsters are visible.
You are immune to unholy pain and torment.
You can survive without breathing.


Message History

You escape the roots' grasp.
As you read the scroll of blinking, it crumbles to dust.
The orc throws a boomerang.
The boomerang hits you but does no damage.
The weapon returns to the orc!
Jorgrun points at you and mumbles some strange words.
You are slowing down.
Your limbs are stiffening.
Okay, then.
As you read the scroll of teleportation, it crumbles to dust.
You feel strangely unstable.
You have turned to stone.
Your surroundings suddenly seem different.
Found 27 gold pieces.
You hear a grinding noise.
The troll pulls the alarm!
The alarm trap emits a blaring wail!
A sentinel's mark forms upon you.
You hear a shout!
The troll bites you!
You die...

## #..# .##.
.... ....
##..# ....
.#####.$. ##
....
.....#.....#
....
........#.#
....
.........#
....
#.....T@#
....
......###
.... .....
.... ....
..T. ...
.... .. ...
. .... .....


You could see a troll.

Vanquished Creatures
  A minotaur (Gauntlet)
  Snorg (D:11)
  A fire dragon (Lair:6)
  2 boulder beetles
  An ice dragon (Lair:6)
  6 hydras
  A centaur warrior (D:13)
  A catoblepas (Lair:2)
  11 two-headed ogres
  2 ogre magi (Orc:2)
  6 death yaks (Lair:6)
  Sonja (D:11)
  4 skeletal warriors (D:13)
  2 deep trolls (Orc:2)
  A swamp dragon (Lair:6)
  An orc knight (D:10)
  A lindwurm (Lair:6)
  2 manticores
  2 cyclopes (Orc:2)
  An ugly thing (D:12)
  17 slime creatures
  10 elephants
  2 centaur zombies
  3 black mambas
  An apocalypse crab (Gauntlet)
  5 torpor snails (Lair:6)
  A gargoyle (D:11)
  16 cane toads
  7 rime drakes
  4 komodo dragons
  12 trolls
  A freezing wraith (D:13)
  A polar bear (Lair:2)
  4 tyrant leeches (Lair:6)
  A hornet (shapeshifter) (D:13)
  7 blink frogs
  6 hornets (Lair:6)
  16 dream sheep
  4 flying skulls (Gauntlet)
  4 redbacks (Lair:2)
  A vampire (D:10)
  4 wyverns
  36 yaks
  7 basilisks
  4 steam dragons
  7 wargs
  3 acid dragons
  18 water moccasins
  A swamp drake (Lair:6)
  8 ice beasts
  14 orc warriors
  A sky beast (D:10)
  2 black bears
  2 phantoms (D:7)
  19 wolves
  25 ogres
  19 centaurs
  A big kobold (D:10)
  28 bullfrogs
  A water moccasin zombie (D:6)
  7 scorpions
  11 killer bees (D:10)
  16 wights
  6 howler monkeys
  2 electric eels (Lair:3)
  A bullfrog zombie (D:5)
  A quasit (D:5)
  7 hounds
  9 orc priests
  2 bullfrog skeletons
  3 centaur skeletons
  7 jellies
  17 orc wizards
  Jessica (D:2)
  5 iguanas
  13 worker ants
  A hound zombie (D:10)
  2 hound skeletons
  A worker ant zombie (D:11)
  A howler monkey skeleton (D:7)
  14 adders
  6 gnolls (D:2)
  3 shadow imps
  4 white imps
  An ufetubus (D:9)
  An ooze (D:2)
  An adder zombie (D:6)
  An adder skeleton (D:7)
  2 worms (D:2)
  2 dart slugs
  11 leopard geckos
  55 orcs
  A ball python (D:2)
  6 giant cockroaches
  6 hobgoblins
  8 jackals
  9 quokkas
  4 bats
  5 frilled lizards
  12 goblins
  A jackal skeleton (D:4)
  11 kobolds
  A leopard gecko skeleton (D:4)
  2 rats
651 creatures vanquished.

Vanquished Creatures (others)
  An orc (D:5)
  A bush (Lair:6)
  21 demonic plants (Gauntlet)
  25 fungi
  37 plants
85 creatures vanquished.

Grand Total: 736 creatures vanquished

Notes
Turn   | Place    | Note
-------+----------+-------------------------------------------
     0 | D:1      | lessens the Ghoul Fighter began the quest for the Orb.
     0 | D:1      | Reached XP level 1. HP: 19/19 MP: 0/0
   101 | D:1      | Reached XP level 2. HP: 26/26 MP: 1/1
   130 | D:1      | Reached skill level 3 in Unarmed Combat
   462 | D:1      | Reached XP level 3. HP: 31/31 MP: 2/2
   629 | D:1      | Reached skill level 4 in Unarmed Combat
   749 | D:1      | Found an ancient bone altar of Kikubaaqudgha.
   811 | D:2      | Reached XP level 4. HP: 38/38 MP: 3/3
   880 | D:2      | Reached skill level 5 in Unarmed Combat
   936 | D:2      | Reached XP level 5. HP: 45/45 MP: 4/4
   988 | D:2      | Reached skill level 6 in Unarmed Combat
  1505 | D:2      | Noticed Jessica
  1515 | D:2      | Killed Jessica
  1516 | D:2      | Reached XP level 6. HP: 51/51 MP: 5/5
  1607 | D:3      | Reached skill level 7 in Unarmed Combat
  2217 | D:3      | Found a shimmering blue altar of Sif Muna.
  2818 | D:4      | Reached skill level 8 in Unarmed Combat
  2818 | D:4      | Reached XP level 7. HP: 42/57 MP: 6/6
  3132 | D:4      | Found a basalt altar of Yredelemnul.
  3643 | D:5      | Entered Level 5 of the Dungeon
  3656 | D:5      | Reached skill level 9 in Unarmed Combat
  3982 | D:5      | Reached XP level 8. HP: 53/63 MP: 7/7
  4182 | D:5      | Reached skill level 10 in Unarmed Combat
  4522 | D:5      | Found a staircase to the Ecumenical Temple.
  4537 | Temple   | Entered the Ecumenical Temple
  4556 | Temple   | Became a worshipper of Warmaster Okawaru
  4669 | D:5      | Reached skill level 1 in Dodging
  5078 | D:6      | Found Iniz Gazo's Magic Scroll Boutique.
  5094 | D:6      | Reached skill level 11 in Unarmed Combat
  5106 | D:6      | Found Ezyulutz's Assorted Antiques.
  5194 | D:6      | Found Ilocs's Magic Scroll Shop.
  5420 | D:6      | Found Giasiok's Assorted Antiques.
  5428 | D:6      | Bought a scroll labelled IHUZIOFEMP for 26 gold pieces
  5428 | D:6      | Bought a scroll labelled KITIASOAGE for 26 gold pieces
  5428 | D:6      | Bought a scroll labelled NUIXKE NITZ for 26 gold pieces
  5545 | D:6      | Found Peetanuw's Assorted Antiques.
  5553 | D:6      | Bought a scroll labelled ANTUFUDEEC for 25 gold pieces
  5553 | D:6      | Acquired 981 gold pieces
  5750 | D:7      | Reached * piety under Okawaru
  5751 | D:7      | Reached XP level 9. HP: 70/70 MP: 8/8
  5773 | D:7      | Found a shadowy altar of Dithmenos.
  5837 | D:7      | Reached skill level 12 in Unarmed Combat
  5981 | D:7      | Found a sparkling altar of Nemelex Xobeh.
  6062 | D:7      | Reached ** piety under Okawaru
  6174 | D:7      | Found Jitiup's Book Shop.
  6468 | D:7      | Found a broken altar of Ashenzari.
  6596 | D:8      | Got a spiked helmet
  6602 | D:8      | Identified the cursed -4 helmet "Iba Ren" {Dex+7} (You
                  | found it on level 8 of the Dungeon)
  6794 | D:8      | Found a staircase to the Lair.
  6802 | D:8      | Reached skill level 13 in Unarmed Combat
  6811 | D:8      | Reached *** piety under Okawaru
  6812 | D:8      | Reached skill level 5 in Fighting
  6815 | D:8      | Reached skill level 1 in Invocations
  6815 | D:8      | Reached XP level 10. HP: 70/81 MP: 6/9
  6859 | D:8      | Reached **** piety under Okawaru
  7332 | D:8      | Reached skill level 14 in Unarmed Combat
  7469 | D:8      | Received a gift from Okawaru
  7919 | D:9      | Noticed a two-headed ogre
  7930 | D:9      | Killed a two-headed ogre
  8227 | D:9      | Found a sacrificial altar of Ru.
  8329 | D:9      | Found a glowing silver altar of Zin.
  8329 | D:9      | Noticed an angel
  8331 | D:9      | Found a shimmering altar of Xom.
  8369 | D:9      | Reached XP level 11. HP: 86/86 MP: 12/12
  8393 | D:9      | Reached skill level 15 in Unarmed Combat
  8861 | D:10     | Entered Level 10 of the Dungeon
  8958 | D:10     | Reached ***** piety under Okawaru
  9014 | D:10     | Reached skill level 5 in Armour
  9228 | D:10     | Received a gift from Okawaru
  9529 | D:10     | Noticed an orc knight
  9530 | D:10     | Found a staircase to the Orcish Mines.
  9533 | D:10     | Found Bugasupt's Armour Emporium.
  9552 | D:10     | Killed an orc knight
 10000 | D:10     | Noticed a two-headed ogre
 10016 | D:10     | Killed a two-headed ogre
 10151 | D:11     | Found Uryenk's Weapon Boutique.
 10214 | D:11     | Reached skill level 16 in Unarmed Combat
 10266 | D:11     | Noticed Snorg
 10282 | D:11     | Killed Snorg
 10565 | D:11     | Found a radiant altar of Vehumet.
 10567 | D:11     | Found a shimmering blue altar of Sif Muna.
 10567 | D:11     | Found a shimmering altar of Xom.
 10569 | D:11     | Found a glowing silver altar of Zin.
 10569 | D:11     | Found a shimmering blue altar of Sif Muna.
 10569 | D:11     | Found a broken altar of Ashenzari.
 10609 | D:11     | You fall into a shaft and drop 1 floor!
 10610 | D:12     | Noticed a manticore
 10618 | D:12     | Killed a manticore
 10618 | D:12     | Received a gift from Okawaru
 10921 | D:12     | Noticed a purple ugly thing
 10937 | D:12     | Killed a purple ugly thing
 10938 | D:12     | Reached XP level 12. HP: 98/100 MP: 10/13
 10979 | D:12     | Reached skill level 17 in Unarmed Combat
 11393 | D:11     | Noticed Sonja
 11496 | D:11     | Killed Sonja
 11930 | D:12     | Noticed a boulder beetle
 11947 | D:12     | Killed a boulder beetle
 12218 | D:12     | Received a gift from Okawaru
 12541 | D:12     | Reached skill level 18 in Unarmed Combat
 12547 | D:12     | Reached ****** piety under Okawaru
 12755 | D:13     | Noticed a seven-headed hydra
 12768 | D:13     | Killed a seven-headed hydra
 12784 | D:13     | Noticed a two-headed ogre
 12812 | D:13     | Killed a two-headed ogre
 12816 | D:13     | Reached XP level 13. HP: 41/111 MP: 13/15
 12838 | D:13     | Reached skill level 5 in Invocations
 13084 | D:13     | Received a gift from Okawaru
 13119 | D:13     | Found a gate leading to a gauntlet.
 13136 | Gauntlet | Entered a Gauntlet
 13136 | Gauntlet | Found a transporter.
 13145 | Gauntlet | Found a transporter.
 13147 | Gauntlet | Found a transporter.
 13149 | Gauntlet | Found a transporter.
 13162 | Gauntlet | Found a transporter.
 13176 | Gauntlet | Found a transporter.
 13183 | Gauntlet | Found a transporter.
 13204 | Gauntlet | Found a transporter.
 13217 | Gauntlet | Found a transporter.
 13229 | Gauntlet | Found a transporter.
 13241 | Gauntlet | Found a transporter.
 13242 | Gauntlet | Noticed a reaper
 13253 | Gauntlet | Found a transporter.
 13265 | Gauntlet | Found a transporter.
 13282 | Gauntlet | Found a transporter.
 13300 | Gauntlet | Found a transporter.
 13302 | Gauntlet | Found a transporter.
 13334 | Gauntlet | Found a transporter.
 13336 | Gauntlet | Found a transporter.
 13518 | Gauntlet | Paralysed by you for 2 turns
 13525 | Gauntlet | Got a faintly humming cloak
 13537 | Gauntlet | Identified the cursed +0 cloak of Cowardice {rElec rCorr
                  | Dex-2 Stlth+} (You found it in a Gauntlet)
 13677 | Gauntlet | Noticed a minotaur
 13685 | Gauntlet | Killed a minotaur
 13686 | Gauntlet | Reached skill level 19 in Unarmed Combat
 13690 | Gauntlet | Identified the Grimoire of Captivating Darkness
 14852 | Lair:1   | Entered Level 1 of the Lair of Beasts
 15200 | Lair:1   | Received a gift from Okawaru
 15954 | Lair:2   | Acquired a manual of Evocations
 16030 | Lair:2   | Found a hole to the Spider Nest.
 17159 | Lair:3   | Reached skill level 20 in Unarmed Combat
 17285 | Lair:3   | Reached XP level 14. HP: 109/118 MP: 17/19
 17364 | Lair:3   | Received a gift from Okawaru
 17685 | Lair:3   | Acquired 931 gold pieces
 18147 | Lair:3   | Acquired 475 gold pieces
 18187 | Lair:4   | Found a runed translucent gate.
 18188 | Lair:4   | Found a runed translucent gate.
 18189 | Lair:4   | Found a runed translucent gate.
 18197 | Lair:4   | Noticed Nyzic's ghost (journeyman TrMo)
 18307 | Lair:4   | Found a staircase to the Shoals.
 18625 | Lair:4   | Reached skill level 1 in Evocations
 19425 | Lair:5   | Found a staircase to the Slime Pits.
 19482 | Lair:5   | Received a gift from Okawaru
 19495 | Lair:5   | Got a bloodstained scale mail {god gift}
 19506 | Lair:5   | Identified the +6 scale mail "Pucyihui" {-Cast Rampage
                  | rCorr} (Okawaru gifted it to you on level 5 of the Lair of
                  | Beasts)
 20237 | Lair:6   | Entered Level 6 of the Lair of Beasts
 20279 | Lair:6   | Reached skill level 5 in Evocations
 20435 | Lair:6   | Reached skill level 21 in Unarmed Combat
 20716 | Lair:6   | Received a gift from Okawaru
 20798 | Lair:6   | Got a heavily runed hat {god gift}
 20829 | Lair:6   | Reached XP level 15. HP: 96/124 MP: 20/20
 20834 | Lair:6   | Identified the +1 hat of the Lily {Str-5 Int+3 Dex+4 SInv}
                  | (Okawaru gifted it to you on level 6 of the Lair of Beasts)
 21236 | Lair:6   | Reached skill level 5 in Shields
 21770 | Lair:6   | Found a runed translucent door.
 21898 | Lair:6   | Received a gift from Okawaru
 22182 | Lair:6   | Reached skill level 10 in Evocations
 22282 | Lair:6   | Received a gift from Okawaru
 22293 | Lair:6   | Got a smoking plate armour {god gift}
 22304 | Lair:6   | Identified the +3 plate armour "Higuhof" {+Blink MP-9
                  | Str+2} (Okawaru gifted it to you on level 6 of the Lair of
                  | Beasts)
 22769 | Orc:1    | Entered Level 1 of the Orcish Mines
 22855 | Orc:2    | Entered Level 2 of the Orcish Mines
 23096 | Orc:2    | Found a staircase to the Elven Halls.
 23185 | Orc:2    | Reached skill level 5 in Dodging
 23424 | Orc:1    | Found a roughly hewn altar of Beogh.
 23850 | Orc:2    | Found Sudghini's Antique Armour Boutique.
 23851 | Orc:2    | Found Zaucw's Magic Scroll Shoppe.
 23855 | Orc:2    | Found Qismiaf's Weapon Emporium.
 23856 | Orc:2    | Found Giptuaj's Magic Scroll Shoppe.
 23879 | Orc:2    | Noticed Jorgrun
 23900 | Orc:2    | HP: 2/124 [orc warrior/+0 long sword (7)]
 23913 | Orc:2    | Slain by a troll

Illustrated notes

Levels and vault maps discovered:
D:1:      eino_arrival_tree_alley, layout_loops_ring, kennysheep_flooded_box
D:2:      layout_basic, grunt_ministairs_14, uniq_jessica
D:3:      layout_basic, general_overflow_altar
D:4:      layout_gridville, kennysheep_little_box, minivault_25,
          solitary_fountain
D:5:      layout_basic, minmay_temple_entry_glass, kennysheep_generic_room_13
D:6:      layout_cave_pools, serial_shops, shop, shop, shop, shop,
          nicolae_shop_crystal
D:7:      layout_gridville, amethyst_overflow_temple_binary,
          nemelex_xobeh_ov_fountains_minmay, serial_shops, shop
D:8:      layout_basic, minmay_lair_entry_grove
D:9:      layout_long_grid, grunt_temple_overflow_order_and_chaos_1,
          nicolae_ru_sacrificial_ziggurat
D:10:     kennysheep_six_static_rooms, layout_basic, orc_david_3
D:11:     layout_roguey, serial_shops, shop, doesnt_xom_only_xom, uniq_sonja,
          uniq_snorg
D:12:     layout_irregular_city
D:13:     layout_loops_ring, gauntlet_entry_generic
Temple:   eino_temple_water
Lair:1:   layout_regular_city, minmay_lair_oklob_bushes, grunt_megastairs_1
Lair:2:   layout_cellular_growth, spider_nest_entry_webs
Lair:3:   layout_cellular_growth, infiniplex_staircase_pool_2,
          serial_bayou_shore_a, lemuel_fruit_tree, serial_bayou_shore_b,
          serial_bayou_shore_b, serial_bayou_shore_b
Lair:4:   layout_regular_city, elwin_shoals_entry_rocks,
          gammafunk_ghost_necromancy, lemuel_fruit_fields, serial_bayou_shore_b
Lair:5:   layout_roguey, minmay_slime_entry_oklob_open, st_stairs_8
Lair:6:   guppyfry_lair_end_dragon, layout_regular_city, wormcave, dpeg_oklob_1
Orc:1:    layout_caves, basic_altar, guppyfry_library_mini, uniq_urug
Orc:2:    st_orc_open, layout_diamond_mine, uniq_jorgrun

Skill      XL: |  1  2  3  4  5  6  7  8  9 10 11 12 13 14 15 |
---------------+----------------------------------------------+-----
Unarmed Combat | 3 4 5 6 8 9 11 13 14 16 18 20 21 | 21.1
Dodging        | 3 4 5 |  5.6
Fighting       | 5 7 9 |  9.0
Invocations    | 1 3 4 8 |  8.8
Armour         | 4 5 6 |  6.9
Evocations     | 8 10 | 10.0
Shields        | 4 7 |  7.3

Action                   |  1- 3 |  4- 6 |  7- 9 | 10-12 | 13-15 || total
-------------------------+-------+-------+-------+-------+-------++-------
Melee: Unarmed           |    87 |   181 |   340 |   660 |  1078 ||  2346
Throw: Stone             |       |       |     6 |       |       ||     6
       Javelin           |       |       |       |     5 |       ||     5
       Dart              |       |       |       |     4 |       ||     4
Invok: Heroism           |       |       |     1 |    14 |    18 ||    33
       Finesse           |       |       |       |       |     2 ||     2
Evoke: Wand              |       |       |       |     1 |       ||     1
  Use: Scroll            |     2 |       |    19 |     6 |     9 ||    36
       Potion            |       |       |     1 |     2 |     1 ||     4
Armor: Scale mail        |    23 |    77 |    79 |   139 |   347 ||   665
Dodge: Dodged            |    20 |    57 |   103 |   288 |   382 ||   850
Block: Kite shield       |    32 |    84 |   117 |   274 |   385 ||   892

Table legend: (Time is in decaauts)
 A = Elapsed time spent in this place.
 B = Non-inter-level travel time spent in this place.
 C = Inter-level travel time spent in this place.
 D = Time resting spent in this place.
 E = Time spent auto-exploring this place.
 F = Levels seen in this place.
 G = Mean time per level.
                   A        B        C        D        E       F      G
               +--------+--------+--------+--------+--------+-----+--------+
         Total |  23372 |  22276 |   1096 |   2714 |  15505 |  23 | 1016.2 |
       Dungeon |  14036 |  13208 |    828 |   1763 |   9109 |  13 | 1079.7 |
        Temple |     33 |     19 |     14 |      0 |      9 |   1 |   33.0 |
          Lair |   7636 |   7433 |    203 |    748 |   5662 |   6 | 1272.7 |
  Orcish Mines |   1045 |    995 |     50 |     83 |    639 |   2 |  522.5 |
      Gauntlet |    621 |    621 |      0 |    120 |     85 |   1 |  621.0 |
               +--------+--------+--------+--------+--------+-----+--------+

Top non-repeatable levels by time:
  Lair:6: 2248 daAuts
     D:8: 1452 daAuts
     D:5: 1348 daAuts
    D:12: 1310 daAuts
    D:13: 1305 daAuts
    D:11: 1257 daAuts
  Lair:2: 1249 daAuts
    D:10: 1219 daAuts
     D:3: 1134 daAuts
  Lair:5: 1077 daAuts
  Lair:3: 1076 daAuts
     D:9: 1061 daAuts
  Lair:1: 1006 daAuts
  Lair:4: 977 daAuts
     D:4: 917 daAuts
